 Dungeon Crawl Stone Soup version 0.30-a0-948-g4fa250aae5 (webtiles) character file.

Game seed: 17889271177319830932

116 DeathPants the Ducker (level 5, -2/27 HPs)
             Began as a Vine Stalker Gladiator on Mar 26, 2023.
             Slain by a gnoll
             ... wielding a +0 flail
             ... led by a gnoll bouda
              (5 damage)
             ... on level 4 of the Dungeon.
             The game lasted 00:07:20 (1960 turns).

DeathPants the Ducker (Vine Stalker Gladiator)      Turns: 1960, Time: 00:07:20

Health: -2/27      AC:  5    Str: 17    XL:     5   Next: 0%
Magic:  0/8        EV: 12    Int: 10    God:
Gold:   84         SH:  0    Dex: 15    Spells: 5/7 levels left

rFire   . . .      SeeInvis .    a - +0 rapier
rCold   . . .      Faith    .    (no shield)
rNeg    . . .      Spirit   +    b - +0 leather armour
rPois   .          Reflect  .    m - +0 helmet
rElec   .          Rampage  .    (no cloak)
rCorr   .                        k - +0 pair of gloves
Will    .....                    (no boots)
Stlth   +                        (no amulet)
HPRegen 1.04/turn                (no ring)
MPRegen 0.11/turn                (no ring)

@: no status effects
A: fangs 2, regeneration 1, magic shield, antimagic bite, no potion heal 2
a: no special abilities


You were on level 4 of the Dungeon.
You visited 1 branch of the dungeon, and saw 4 of its levels.

You collected 84 gold pieces.

Inventory:

Hand Weapons
 a - a +0 rapier (weapon)
Missiles
 d - 3 throwing nets (quivered)
 e - a javelin
 o - 3 atropa-tipped darts
Armour
 b - a +0 leather armour (worn)
 k - a +0 pair of gloves (worn)
 m - a +0 helmet (worn)
Scrolls
 g - a scroll of summoning {unknown}
 h - a scroll of teleportation {unknown}
 i - a scroll of enchant weapon {unknown}
 j - a scroll of fog
 r - a scroll of enchant armour {unknown}
Potions
 c - 2 potions of might
 f - a potion of attraction
 l - a potion of lignification
 n - a potion of curing {unknown}
 p - a potion of haste {unknown}
 q - a potion of degeneration {unknown}
 s - a potion of heal wounds {unknown}


   Skills:
 + Level 2.6 Fighting
 - Level 2.6 Short Blades
 - Level 1.7 Throwing
 + Level 1.4 Armour
 + Level 3.0 Dodging
 + Level 1.8 Spellcasting
 + Level 1.2 Transmutations


You had 5 spell levels left.
You knew the following spells:

 Your Spells              Type           Power      Damage    Failure   Level
a - Wereblood             Tmut           3%         N/A       34%         2

Your spell library contained the following spells:

 Spells                   Type           Power      Damage    Failure   Level
 Beastly Appendage        Tmut           6%         N/A       22%         1
 Spider Form              Tmut/Pois      2%         N/A       65%         3
 Vampiric Draining        Necr           0%         2d6       75%         3
 Summon Ice Beast         Ice/Summ       0%         N/A       98%         4


Dungeon Overview and Level Annotations

Branches:
Dungeon (4/15)
 Temple: D:4-7

Altars:
Ru

Annotations:
D:4 Sigmund


Innate Abilities, Weirdness & Mutations

You have extremely sharp teeth.
Your natural rate of healing is unusually fast.
When hurt, damage is shared between your health and your magic reserves.
Your bite disrupts and absorbs the magic of your enemies.
Potions cannot restore your health.


Message History

The gnoll misses you.
Your Dodging skill increases to level 3!
Your Transmutations skill increases to level 1!
You hit the gnoll. You bite the gnoll. You drain its power.
You feel invigorated.
The gnoll is heavily wounded.
The gnoll hits you with a +0 club.
You hit the gnoll.
The gnoll is severely wounded.
The gnoll hits you with a +0 club!
You barely miss the gnoll. You bite the gnoll, but do no damage.
The gnoll is severely wounded.
The gnoll misses you.
You barely miss the gnoll.
The gnoll is severely wounded.
The gnoll hits you with a +0 club.
You hit the gnoll.
You kill the gnoll!
The gnoll is no longer moving quickly.
You have reached level 5!
The gnoll attacks as you move away! The gnoll hits you with a +0 flail.
The gnoll barely misses you. The gnoll attacks as you move away!
The gnoll hits you with a +0 flail. The gnoll attacks as you move away!
The gnoll hits you with a +0 flail. The gnoll closely misses you.
The gnoll attacks as you move away! The gnoll closely misses you.
The gnoll attacks as you move away! The gnoll closely misses you.
The gnoll hits you with a +0 flail! The gnoll attacks as you move away!
The gnoll closely misses you.
There is a stone staircase leading down here.
The gnoll hits you with a +0 flail!
You climb downwards.
Level annotation: Sigmund
There is a stone staircase leading up here.
You puncture the gnoll!
The gnoll is heavily wounded.
The gnoll hits you with a +0 flail!
* * * LOW HITPOINT WARNING * * *
The gnoll hits you with a +0 flail.
You die...

.....
.... ...#
..# ..#
#.# #g#
#@#
.......g#
.#.###..#
#..# #..#
#..# #...
## ....
.# .#


You could see 2 gnolls.

Vanquished Creatures
  A gnoll bouda (D:3)
  A gnoll (D:3)
  An adder (D:1)
  3 worms
  A dart slug (D:1)
  An orc (D:3)
  5 ball pythons
  9 bats
  2 endoplasms
  3 giant cockroaches
  2 goblins (D:1)
  2 hobgoblins
  8 jackals
  A quokka (D:1)
  3 frilled lizards (D:1)
  5 kobolds
  8 rats
56 creatures vanquished.

Vanquished Creatures (others)
  6 plants (D:3)
6 creatures vanquished.

Grand Total: 62 creatures vanquished

Notes
Turn   | Place    | Note
-------+----------+-------------------------------------------
     0 | D:1      | DeathPants the Vine Stalker Gladiator began the quest for
                  | the Orb.
     0 | D:1      | Reached XP level 1. HP: 11/11 MP: 2/2
    90 | D:1      | Reached XP level 2. HP: 15/15 MP: 1/3
   235 | D:1      | Reached skill level 1 in Spellcasting
   313 | D:1      | Reached XP level 3. HP: 18/18 MP: 3/5
   380 | D:1      | Learned a level 2 spell: Wereblood
   491 | D:1      | Found a faded altar of an unknown god.
   925 | D:1      | Reached skill level 1 in Armour
  1054 | D:2      | Gained mutation: Your natural rate of healing is unusually
                  | fast. [Vine Stalker growth]
  1054 | D:2      | Reached XP level 4. HP: 23/23 MP: 7/7
  1127 | D:2      | Got Itiysu's Elucidation of Unholy Firn
  1437 | D:2      | Found a sacrificial altar of Ru.
  1791 | D:4      | Noticed Sigmund
  1938 | D:3      | Reached skill level 3 in Dodging
  1938 | D:3      | Reached skill level 1 in Transmutations
  1943 | D:3      | Reached XP level 5. HP: 18/27 MP: 3/8
  1960 | D:4      | Slain by a gnoll

Illustrated notes

Levels and vault maps discovered:
D:1:      lemuel_arrival_rhombus, layout_loops_ring,
          hellmonk_ecumenical_altar_run_dry
D:2:      layout_basic, basic_altar, minmay_misc_feat_cross, st_stairs_6
D:3:      layout_loops_ring, nicolae_grassy_gnolls
D:4:      layout_loops_corners, mainiacjoe_overflow_boulevard, elyvilon_altar_5,
          minmay_temple_entry_large_hall, uniq_sigmund

Skill      XL: |  1  2  3  4 |
---------------+-------------+-----
Fighting       | 2 |  2.6
Spellcasting   | 1 |  1.8
Armour         | 1 |  1.4
Dodging        | 3 |  3.0
Transmutations | 1 |  1.2
Short Blades   | |  2.6
Throwing       | |  1.7

Action                     |  1- 3 |  4- 6 || total
---------------------------+-------+-------++-------
  Melee: Rapier            |    97 |    69 ||   166
         Bite              |    17 |    18 ||    35
         Punch             |     1 |     3 ||     4
    Use: Scroll            |     2 |     2 ||     4
 Armour: Ring mail         |    39 |     8 ||    47
         Leather armour    |       |    12 ||    12
  Dodge: Dodged            |    72 |    53 ||   125

Table legend: (Time is in decaauts)
 A = Elapsed time spent in this place.
 B = Non-inter-level travel time spent in this place.
 C = Inter-level travel time spent in this place.
 D = Time resting spent in this place.
 E = Time spent auto-exploring this place.
 F = Levels seen in this place.
 G = Mean time per level.
                   A        B        C        D        E       F      G
               +--------+--------+--------+--------+--------+-----+--------+
         Total |   1976 |   1927 |     49 |    109 |   1183 |   4 |  494.0 |
       Dungeon |   1976 |   1927 |     49 |    109 |   1183 |   4 |  494.0 |
               +--------+--------+--------+--------+--------+-----+--------+

Top non-repeatable levels by time:
     D:1: 1017 daAuts
     D:2: 763 daAuts
     D:3: 190 daAuts
     D:4: 5 daAuts
